 Dungeon Crawl Stone Soup version 0.20-a0-1117-g62da73f (webtiles) character file.

18696 JiminyMac the Severer (level 12, -4/113 HPs)
             Began as a Minotaur Berserker on May 9, 2017.
             Was a High Priest of Trog.
             Slain by a basilisk (12 damage)
             ... on level 2 of the Lair of Beasts.
             The game lasted 00:44:17 (13218 turns).

JiminyMac the Severer (Minotaur Berserker)         Turns: 13218, Time: 00:44:18

Health: -4/113     AC: 11    Str: 31    XL:     12   Next: 30%
Magic:  11/11      EV:  7    Int:  4    God:    Trog [*****.]
Gold:   884        SH:  3    Dex: 11    Spells: 11/11 levels left

rFire    . . .     SeeInvis +   H - +2 war axe
rCold    . . .     Gourm    .   (no shield)
rNeg     . . .     Faith    .   S - +0 plate armour
rPois    .         Spirit   .   (helmet restricted)
rElec    .         Reflect  +   L - +0 cloak
rCorr    .         Harm     .   (no gloves)
MR       .....                  (no boots)
Stlth    ..........             p - +3 amulet of reflection
Regen    0.3/turn               R - ring of see invisible
MPRegen  0.2/turn               q - +5 ring of strength

@: starving, extremely drained
A: retaliatory headbutt, horns 2
a: Berserk, Trog's Hand, Brothers in Arms, Burn Spellbooks, Renounce Religion


You were on level 2 of the Lair of Beasts.
You worshipped Trog.
Trog was extremely pleased with you.
You were starving.

You visited 2 branches of the dungeon, and saw 13 of its levels.
You also visited: Bailey.

You collected 884 gold pieces.

Inventory:

Hand Weapons
 H - a +2 war axe (weapon)
Missiles
 Q - 16 tomahawks of returning (quivered)
Armour
 a - a +0 ring mail of cold resistance
 L - a +0 cloak (worn)
 N - a scarf of cloud immunity
 S - a +0 plate armour (worn)
 V - the +1 ring mail "Taedd" {rN+ Dex+3}
   (You found it on level 2 of the Lair of Beasts)

   It affects your dexterity (+3).
   It protects you from negative energy.
Jewellery
 k - an uncursed ring of ice
 p - a +3 amulet of reflection (around neck)
 q - a +5 ring of strength (right hand)
 R - a ring of see invisible (left hand)
Wands
 I - a wand of iceblast (8/15)
 K - a wand of digging (20/24)
 U - a wand of iceblast (7/15)
 X - a wand of paralysis (12/24)
 Y - a wand of lightning (7/15)
Scrolls
 b - 2 scrolls of immolation
 j - 2 scrolls of remove curse
 o - 2 scrolls of identify
 r - 3 scrolls of teleportation
 t - a scroll of enchant armour {unknown}
 w - 2 scrolls of amnesia {unknown}
 x - 2 scrolls of magic mapping {unknown}
 y - a scroll of noise {unknown}
 A - 3 scrolls of blinking {unknown}
 B - 2 scrolls of enchant weapon {unknown}
 C - a scroll of brand weapon {unknown}
 D - 3 scrolls of recharging {unknown}
 P - a scroll of fear {unknown}
 T - a scroll of silence {unknown}
 W - a scroll of fog {unknown}
Potions
 e - 6 potions of curing
 f - a potion of brilliance
 h - 2 potions of agility
 i - a potion of resistance
 l - 7 potions of heal wounds
 n - 3 potions of flight
 u - a potion of ambrosia {unknown}
 v - a potion of might {unknown}
 z - 2 potions of mutation
 E - a potion of berserk rage {unknown}
 F - 4 potions of cancellation
 J - a potion of magic {unknown}
Books
 G - a book of Changes

   Spells                             Type                      Level
   a - Beastly Appendage              Transmutation                1
   b - Sticks to Snakes               Transmutation                2
   c - Spider Form                    Transmutation/Poison         3
   d - Ice Form                       Ice/Transmutation            4
   e - Blade Hands                    Transmutation                5
   Trog disapproves of the use of such an item.
 M - a book of Frost

   Spells                             Type                      Level
   a - Freeze                         Ice                          1
   b - Throw Frost                    Conjuration/Ice              2
   c - Ozocubu's Armour               Charms/Ice                   3
   d - Throw Icicle                   Conjuration/Ice              4
   e - Summon Ice Beast               Ice/Summoning                4
   Trog disapproves of the use of such an item.
 O - a book of Minor Magic

   Spells                             Type                      Level
   a - Magic Dart                     Conjuration                  1
   b - Blink                          Translocation                2
   c - Call Imp                       Summoning                    2
   d - Slow                           Hexes                        2
   e - Conjure Flame                  Conjuration/Fire             3
   f - Mephitic Cloud                 Conjuration/Poison/Air       3
   Trog disapproves of the use of such an item.
Miscellaneous
 Z - a sack of spiders
Comestibles
 c - 3 bread rations
 d - 4 fruits
 g - 12 royal jellies
 m - 6 meat rations


   Skills:
 + Level 12.4(0.0) Fighting
 * Level 16.5(0.0) Axes
 + Level 12.3(0.0) Armour
 - Level 2.1(0.0) Dodging


You had 11 spell levels left.
You didn't know any spells.

Dungeon Overview and Level Annotations

Branches:
Dungeon (11/15)            Temple (0/1) D:4            Lair (2/6) D:9
    Orc (0/2) D:9
  Swamp: Lair:2-4    Shoals: Lair:2-4     Snake: Lair:2-4    Spider: Lair:2-4

Altars:
Dithmenos
Makhleb
Qazlal
Ru
Yredelemnul

Shops:
D:8 %   D:9 (

Annotations:
Lair:2 Sonja


Innate Abilities, Weirdness & Mutations

You reflexively headbutt those who attack you in melee.
You have a pair of horns on your head.


Message History

The basilisk barely misses you. The basilisk gazes at you.
Your limbs have turned to stone.
You have turned to stone.
The basilisk bites you!
* * * LOW HITPOINT WARNING * * *
The basilisk hisses menacingly.
The basilisk bites you.
* * * LOW HITPOINT WARNING * * *
The basilisk gazes at you. You resist with some effort.
The basilisk bites you but does no damage. x3
The basilisk bites you.
* * * LOW HITPOINT WARNING * * *
The basilisk bites you.
* * * LOW HITPOINT WARNING * * *
The basilisk gazes at you. x2
You resist with some effort.
You turn to flesh and can move again.
The basilisk bites you!
You die...

# #....# .# ##..## ...
####P'######## ....
#..(.........####..#..
+..................P..
#.......((.....##
#.............'.(#
##............#$##
##'#####..@...##
#.......l....###
##.#...........P#
#.#.'..............
#.................
####.(...............
#####.##.................
.......'...........P.....
########................


You could see a basilisk.

Vanquished Creatures
  3 two-headed ogres
  The ghost of enarc13 the Fighter, a novice DrTm (D:6)
  The ghost of MatthieuS the Spear-Bearer, a novice MfGl of Ru (D:7)
  2 unseen horrors
  Pikel (D:7)
  2 orc knights (Bailey)
  2 ugly things (D:11)
  A centaur zombie (D:8)
  2 black mambas (Lair:2)
  3 spiny frogs
  A kobold demonologist (D:8)
  A rime drake (Lair:2)
  A komodo dragon (Lair:1)
  A hornet (D:11)
  2 trolls
  A slime creature (D:11)
  5 blink frogs (Lair:1)
  2 hippogriffs
  A wraith (D:10)
  3 yaks (Lair:1)
  A wyvern (D:8)
  Menkaure (D:4)
  2 water moccasins
  A soldier ant (D:10)
  3 porcupines (Lair:1)
  4 orc warriors
  A black bear (D:11)
  3 sky beasts
  An eye of draining (D:11)
  2 ice beasts
  4 slaves (D:7)
  6 ogres
  A necrophage (D:11)
  A phantom (D:11)
  4 crocodiles
  4 centaurs
  Blork the orc (D:5)
  15 big kobolds
  6 bullfrogs
  A gnoll sergeant (D:7)
  A scorpion (D:7)
  A water moccasin skeleton (D:9)
  7 killer bees
  3 wights (D:6)
  2 howler monkeys (D:10)
  6 crimson imps
  3 hounds
  6 jellies
  8 orc wizards
  A bullfrog zombie (D:7)
  2 orc priests (D:10)
  A bullfrog skeleton (D:8)
  4 centaur skeletons
  Jessica (D:2)
  3 iguanas
  5 worker ants
  4 gnolls
  16 adders
  3 shadow imps
  6 oozes
  An adder zombie (D:9)
  An adder skeleton (D:4)
  8 worms
  7 leopard geckos
  27 orcs
  13 giant cockroaches
  13 goblins
  13 hobgoblins
  10 jackals
  5 quokkas
  A ball python (D:1)
  11 bats
  7 frilled lizards
  30 kobolds
  A leopard gecko skeleton (D:4)
  2 quokka skeletons
  A quokka zombie (D:7)
  9 rats
  2 fungi (Lair:2)
343 creatures vanquished.

Vanquished Creatures (others)
  3 kobolds (Bailey)
  A fungus (Lair:2)
4 creatures vanquished.

Grand Total: 347 creatures vanquished

Notes
Turn   | Place    | Note
-------+----------+-------------------------------------------
     0 | D:1      | JiminyMac the Minotaur Berserker began the quest for the Orb.
     0 | D:1      | Reached XP level 1. HP: 19/19 MP: 0/0
    95 | D:1      | Reached XP level 2. HP: 12/27 MP: 1/1
   420 | D:1      | Reached skill level 4 in Axes
   786 | D:1      | Reached XP level 3. HP: 18/33 MP: 2/2
  1069 | D:1      | Reached ** piety under Trog
  1127 | D:2      | Noticed Jessica
  1128 | D:2      | Reached XP level 4. HP: 41/41 MP: 3/3
  1137 | D:2      | Reached skill level 5 in Axes
  1137 | D:2      | Killed Jessica
  1634 | D:2      | Reached XP level 5. HP: 47/47 MP: 4/4
  2346 | D:3      | Reached *** piety under Trog
  2756 | D:4      | Noticed Menkaure
  2760 | D:4      | Killed Menkaure
  2760 | D:4      | Reached skill level 5 in Fighting
  2760 | D:4      | Reached skill level 6 in Axes
  2760 | D:4      | Reached XP level 6. HP: 56/56 MP: 5/5
  2847 | D:4      | Found a basalt altar of Yredelemnul.
  2984 | D:4      | Found a staircase to the Ecumenical Temple.
  3339 | D:4      | Found a stormy altar of Qazlal.
  3340 | D:4      | Found a burning altar of Makhleb.
  3444 | D:5      | Entered Level 5 of the Dungeon
  3617 | D:5      | Found a sacrificial altar of Ru.
  3635 | D:5      | Noticed a sky beast
  3644 | D:5      | Killed a sky beast
  3644 | D:5      | Reached skill level 7 in Axes
  3653 | D:5      | Found a shadowy altar of Dithmenos.
  3754 | D:5      | Reached skill level 5 in Armour
  3754 | D:5      | Reached XP level 7. HP: 62/62 MP: 6/6
  3800 | D:5      | Noticed Blork the orc
  3836 | D:5      | Killed Blork the orc
  3836 | D:5      | Reached skill level 8 in Axes
  4502 | D:6      | Reached XP level 8. HP: 63/71 MP: 7/7
  4695 | D:6      | Noticed enarc13's ghost (novice DrTm)
  4714 | D:6      | Killed enarc13's ghost
  4714 | D:6      | Reached skill level 9 in Axes
  5033 | D:7      | Noticed Pikel
  5056 | D:7      | Killed Pikel
  5056 | D:7      | Reached skill level 10 in Axes
  5056 | D:7      | Reached XP level 9. HP: 60/81 MP: 8/8
  5228 | D:7      | Noticed MatthieuS's ghost (novice MfGl)
  5236 | D:7      | Killed MatthieuS's ghost
  5236 | D:7      | Reached skill level 11 in Axes
  6237 | D:8      | Reached skill level 12 in Axes
  6426 | D:8      | Reached XP level 10. HP: 61/91 MP: 9/9
  6590 | D:8      | Reached **** piety under Trog
  6817 | D:8      | Found Hyeraite's Food Shop.
  6841 | D:8      | Noticed a two-headed ogre
  6846 | D:8      | Killed a two-headed ogre
  7064 | D:8      | Reached skill level 10 in Fighting
  7064 | D:8      | Reached skill level 13 in Axes
  7086 | D:8      | Reached skill level 10 in Armour
  7234 | D:9      | Found Zeni's Antique Weapon Boutique.
  7234 | D:9      | Noticed a two-headed ogre
  7241 | D:9      | Killed a two-headed ogre
  7311 | D:9      | Found a staircase to the Lair.
  7400 | D:9      | Found a staircase to the Orcish Mines.
  7716 | D:9      | Reached skill level 14 in Axes
  7932 | D:10     | Entered Level 10 of the Dungeon
  7932 | D:10     | Found a flagged portal.
  7940 | Bailey   | Entered a bailey
  7989 | Bailey   | Reached XP level 11. HP: 66/101 MP: 10/10
  8124 | Bailey   | Noticed an orc knight
  8124 | Bailey   | Noticed an orc knight
  8128 | Bailey   | Killed an orc knight
  8141 | Bailey   | Killed an orc knight
  8249 | Bailey   | Reached ***** piety under Trog
  9234 | D:10     | Killed an unseen horror
  9364 | D:11     | Reached skill level 15 in Axes
  9476 | D:11     | Noticed a two-headed ogre
  9484 | D:11     | Killed a two-headed ogre
  9751 | D:11     | Killed an unseen horror
 10007 | D:11     | Noticed a green ugly thing
 10018 | D:11     | Killed a green ugly thing
 10209 | D:11     | Noticed a white ugly thing
 10219 | D:11     | Killed a white ugly thing
 10782 | Lair:1   | Entered Level 1 of the Lair of Beasts
 11113 | Lair:1   | Reached XP level 12. HP: 95/112 MP: 11/11
 11254 | Lair:1   | Reached skill level 16 in Axes
 12347 | Lair:2   | Got a distressingly furry ring mail
 12358 | Lair:2   | Identified the cursed +1 ring mail "Taedd" {rN+ Dex+3} (You found it on level 2 of the Lair of Beasts)
 12620 | Lair:2   | Noticed Sonja
 13218 | Lair:2   | Slain by a basilisk

Vault maps used:
D:1:      dpeg_arrival_chase
D:2:      uniq_jessica
D:3:      first_bread
D:4:      yredelemnul_altar_generic, minitemple, temple_green, uniq_menkaure
D:5:      nicolae_ru_sacrificial_ziggurat, minmay_tree_intersection,
          st_stairs_2, nicolae_dithmenos_the_darkroom, uniq_blork_the_orc
D:7:      kennysheep_minor_cross, uniq_pikel
D:8:      serial_shops, kennysheep_little_box, special_room
D:9:      dpeg_oklobed_lair, orc_0_dummy, serial_shops, shop
D:10:     enter_bailey_2, minmay_misc_feat_five
D:11:     hangedman_little_slice_of_home
Lair:1:   infiniplex_staircase_pool_2
Lair:2:   minivault_23, lemuel_fruit_fields, uniq_sonja, uniq_nergalle,
          uniq_gastronok
Bailey:   bailey_axe_1, bailey

Skill      XL: |  1  2  3  4  5  6  7  8  9 10 11 12 |
---------------+-------------------------------------+-----
Axes           | 4 5 6 7 8 10 12 14 15 16 | 16.5
Fighting       | 4 5 6 8 9 10 12 | 12.4
Armour         | 3 4 5 7 9 10 11 12 | 12.3
Dodging        | |  2.1

Action                   |  1- 3 |  4- 6 |  7- 9 | 10-12 || total
-------------------------+-------+-------+-------+-------++-------
Melee: Hand axe          |    71 |   131 |       |       ||   202
       Headbutt          |    12 |    23 |    41 |   108 ||   184
       War axe           |       |    17 |   171 |   436 ||   624
Throw: Tomahawk          |       |       |       |    22 ||    22
Invok: Berserk           |     2 |     3 |     7 |    10 ||    22
       Trog's Hand       |       |     1 |       |     4 ||     5
  Use: Scroll            |       |     1 |     6 |    10 ||    17
       Potion            |       |       |       |     1 ||     1
  Eat: Chunk             |     2 |    10 |    12 |    15 ||    39
       Bread ration      |       |       |     1 |     3 ||     4
       Fruit             |       |       |       |     3 ||     3
Armor: Animal skin       |    14 |     5 |       |       ||    19
       Scale mail        |       |    11 |       |       ||    11
       Chain mail        |       |    29 |    62 |    90 ||   181
       Leather armour    |       |     2 |       |       ||     2
       Plate armour      |       |       |       |   238 ||   238
Dodge: Dodged            |    55 |    64 |    53 |   231 ||   403
Block: Other             |       |     6 |    27 |    68 ||   101
       Reflection        |       |       |       |    18 ||    18
